[Event "*** Titled Tuesday Blitz"]
[Site "Chess.com"]
[Date "2020.05.26"]
[Round "3"]
[White "vidavi"]
[Black "Grineva_Marianna"]
[Result "1-0"]
[WhiteElo "2313"]
[BlackElo "2117"]
[TimeControl "180+1"]
[EndTime "10:29:17 PDT"]
[Termination "vidavi won by checkmate"]

1. c4 e5 2. Nc3 d6 3. g3 Be7 4. Bg2 f5 5. d3 Nf6 6. Nf3 O-O 7. O-O c6 8. Rb1 Qe8 9. b4 Nbd7 10. b5 Nc5 11. a4 Bd7 12. Ba3 Ne6 13. a5 Qf7 14. a6 Rab8 15. axb7 Rxb7 16. bxc6 Bxc6 17. Ng5 Nxg5 18. Bxc6 Rc7 19. Bg2 Qh5 20. h4 Ng4 21. Nd5 Ne6 22. Nxc7 Nxc7 23. Bf3 Bxh4 24. Bxg4 Qxg4 25.
Kg2 Ne6 26. e3 Qg6 27. Rh1 Be7 28. Qh5 f4 29. Qxg6 hxg6 30. gxf4 exf4 31. Rb7 Bg5 32. Bxd6 f3+ 33. Kg3 Rd8 34. c5 Re8 35. d4 Bf6 36. Ra1 Ng5 37. Raxa7 Kh7 38. Be5 Ne4+ 39. Kxf3 Bxe5 40.
dxe5 Ng5+ 41. Kg4 Ne6 42. f4 Rc8 43. Re7 Rc6 44. Rxe6 Rxe6 45. Rc7 Kh6 46. e4 Ra6 47. Rd7 Ra3 48. Rd6 Rc3 49. c6 Rc1 50. f5 Rg1+ 51. Kf3 Rf1+ 52. Kg2 Re1 53. Rxg6+ Kh7 54. c7 Rc1 55. e6 Rxc7 56. Rg3 Re7 57. Kf3 Rc7 58. Kf4 Rc2 59. Rh3+ Kg8 60. Rd3 Rc7 61. Rd7 Rc8 62. Kg5 Re8 63. Kg6 Rf8 64. Rxg7+ Kh8 65. Rh7+ Kg8 66.
e7 Re8 67. f6 Rxe7 68. Rh8+ Kxh8 69. fxe7 Kg8 70. e8=Q# 1-0

[Event "*** Titled Tuesday Blitz"]
[Site "Chess.com"]
[Date "2020.05.26"]
[Round "3"]
[White "enriquetejedor"]
[Black "Kostya_Nikologorskiy"]
[Result "0-1"]
[WhiteElo "2466"]
[BlackElo "2713"]
[TimeControl "180+1"]
[EndTime "10:29:19 PDT"]
[Termination "Kostya_Nikologorskiy won by checkmate"]

1. e4 e6 2. d4 d5 3. Nd2 Nf6 4. e5 Nfd7 5. c3 c5 6. Bd3 Nc6 7. Ne2 cxd4 8. cxd4 f6 9. f4 fxe5 10. dxe5 Qb6 11. Nf3 Nc5 12. Bb1 Ne4 13. Bxe4 dxe4 14. Nd2 e3 15. Ne4 Bb4+ 16. Kf1 O-O 17. Qb3 Qb5 18.
Bxe3 b6 19. Bf2 Ba6 20. Qe3 Rad8 21. a4 Qd3 22. Qxd3 Bxd3 23. Ng5 Bxe2+ 24. Kxe2 Rxf4 25. Rhd1 Rdf8 26. Nf3 Nxe5 27. Be3 Re4 28. Rd4 Rxd4 29. Nxd4 Nc4 30. Rc1 Nxb2 31. Rc2 Nxa4 32. Nxe6 Re8 33.
Nc7 Re4 34. Kf3 Re5 35. Ra2 Nc5 36. Bf4 Rf5 37. Rxa7 g5 38. Nd5 Ne6 39. Ne7+ Bxe7 40. g3 gxf4 41. Rxe7 fxg3+ 42. Kxg3 Re5 43. Kf2 b5 44. h4 h5 45. Kg3 Re3+ 46. Kf2 Re4 47. Kg3 b4 48. Rb7 Nc5 49. Rb5 Rc4 50. Rb8+ Kf7 51. Rb6 b3 52. Kf3 Rc3+ 53. Ke2 Na4 54. Rb7+ Ke6 55. Kd2 Rc2+ 56. Ke3 b2 57. Rb4 Rc3+ 58.
Kd2 Ra3 59. Rb5 Ra1 60. Rxh5 b1=Q 61. Rh6+ Kf5 62. Ke3 Ra3+ 63. Kd4 Qb4+ 64. Kd5 Qc5# 0-1

[Event "*** Titled Tuesday Blitz"]
[Site "Chess.com"]
[Date "2020.05.26"]
[Round "3"]
[White "ManuDavid2910"]
[Black "Sibelephant"]
[Result "0-1"]
[WhiteElo "2698"]
[BlackElo "3173"]
[TimeControl "180+1"]
[EndTime "10:29:20 PDT"]
[Termination "Sibelephant won by resignation"]

1. e4 c5 2. Nf3 e6 3. Nc3 Nc6 4. g3 a6 5. Bg2 Nf6 6. O-O d6 7. Re1 e5 8. h3 g6 9. d3 Bg7 10. Be3 O-O 11. Qd2 Nd4 12. Kh2 b5 13. Nd1 Bb7 14. c3 Ne6 15. Bh6 c4 16. Bxg7 Kxg7 17.
dxc4 bxc4 18. Ne3 Nxe4 19. Qc2 Qc7 20. Nxe5 dxe5 21. Bxe4 Ng5 22. Bd5 Bxd5 23. Nxd5 Nf3+ 24. Kg2 Nxe1+ 25. Rxe1 Qc6 26. Rxe5 Rae8 27. Qe4 f6 28. Rxe8 Rxe8 29. Qf3 Rb8 30. Qe4 Rb7 31. Kf3 h5 32. g4 hxg4+ 33. hxg4 g5 34. Ke3 Rd7 35. Nb4 Qxe4+ 36. Kxe4 Rd2 37. f4 gxf4 38. Kxf4 Rxb2 39. Nxa6 Rxa2 40. Nc5 Rf2+ 41. Ke3 Rg2 42. Kf3 Rc2 43. Ne4 Kg6 44. Ke3 Rg2 45. Kf3 Rg1 46. Kf4 Rd1 47.
Kf3 Rd3+ 48. Kf4 Kf7 49. g5 fxg5+ 50. Nxg5+ Ke7 51. Ne4 Kd8 52. Ke5 Kc7 53. Nc5 Kc6 54.
Ne4 Rd5+ 55. Kf4 Kb5 56. Ke3 Rd3+ 57. Kf4 Rd1 58. Kf3 Rd8 59. Ke3 Ka4 60. Nc5+ Ka3 61. Ne4 Kb2 62. Ke2 Rd3 63. Nd2 Kxc3 64. Ne4+ Kc2 65. Nd2 Rxd2+ 0-1

[Event "*** Titled Tuesday Blitz"]
[Site "Chess.com"]
[Date "2020.05.26"]
[Round "3"]
[White "AwareIdea"]
[Black "Cambek64"]
[Result "1-0"]
[WhiteElo "2508"]
[BlackElo "2283"]
[TimeControl "180+1"]
[EndTime "10:29:20 PDT"]
[Termination "AwareIdea won on time"]

1. c4 e5 2. Nc3 Nc6 3. Nf3 f5 4. d4 e4 5. d5 exf3 6. dxc6 fxg2 7. cxd7+ Qxd7 8. Bxg2 Qxd1+ 9. Nxd1 c6 10. O-O Nf6 11. Ne3 Be6 12. b3 g6 13. Bb2 Bg7 14. Rad1 Rd8 15.
Nc2 Kf7 16. Bd4 a6 17. Bb6 Rxd1 18. Rxd1 Nd7 19. Be3 Bf6 20. Nd4 Rd8 21. Nxe6 Kxe6 22. Kf1 Ne5 23. Rxd8 Bxd8 24. h3 Bf6 25. Ke1 Be7 26.
Kd1 Bb4 27. Bd4 Nd7 28. e3 a5 29. Ke2 Nc5 30. Bh1 a4 31. Bxc5 axb3 32. Bd4 bxa2 33. Kd3 Be1 34. Ke2 Bb4 35. Kd1 c5 36. Bd5+ Kd6 37.
Ba1 b6 38. Bg8 Ke7 39. f3 h5 40. Kc2 g5 41. Bd5 g4 42. fxg4 fxg4 43. hxg4 hxg4 44. Kb3 g3 45. Kxa2 Kd6 46. e4 Bd2 47. e5+ Ke7 48.
Kb3 Be3 49. Ka4 Kd7 50. Kb5 Kc7 51. e6 Bd4 52. Bxd4 cxd4 53. Kb4 Kd6 54. Kb3 b5 55. cxb5 Kxd5 56. e7 g2 57. e8=Q g1=Q 58. Qc6+ Ke5 59. Qc7+ 1-0

[Event "*** Titled Tuesday Blitz"]
[Site "Chess.com"]
[Date "2020.05.26"]
[Round "3"]
[White "lupta_robin"]
[Black "Maybe00"]
[Result "1/2-1/2"]
[WhiteElo "2616"]
[BlackElo "2797"]
[TimeControl "180+1"]
[EndTime "10:29:26 PDT"]
[Termination "Game drawn - insufficient material"]

1. e4 e5 2. Nf3 Nc6 3. d4 exd4 4.
Nxd4 Nf6 5. Nxc6 bxc6 6. e5 Qe7 7. Qe2 Nd5 8. c4 Ba6 9. Nd2 g6 10. Nf3 Qb4+ 11. Kd1 Ne7 12. Qc2 c5 13. Bd3 Bg7 14.
Bd2 Qb6 15. Bc3 O-O 16. Re1 Nc6 17. Ke2 Nb4 18. Bxb4 Qxb4 19. Kf1 Rae8 20. Rad1 d6 21.
exd6 cxd6 22. b3 Qa5 23. Be4 Qc7 24. Qd3 Rd8 25. Bd5 Bc8 26. h3 Bf5 27. Be4 Bc8 28.
Bd5 Bf6 29. Re2 Rfe8 30. Rde1 Rxe2 31. Rxe2 Bf5 32. Be4 Bc8 33. Bd5 Bf5 34. Qd2 Kg7 35.
g4 Bc8 36. Kg2 Rd7 37. g5 Ba1 38. Qc1 Be5 39. Nxe5 dxe5 40. Qe3 Re7 41. Qe4 Bf5 42. Qe3 e4 43. Qg3 Qb6 44. Re3 a5 45. h4 Qd8 46.
Qf4 Qd7 47. h5 gxh5 48. Bxe4 Bxe4+ 49. Rxe4 Rxe4 50. Qxe4 Qg4+ 51. Qxg4 hxg4 52. Kg3 f6 53. gxf6+ Kxf6 54. Kxg4 Kg6 55. Kf4 Kf6 56. Kg4 Kg6 57. Kf4 Kf6 58. f3 h6 59. Kg4 Kg6 60.
f4 Kf6 61. Kh5 Kf5 62. Kxh6 Kxf4 63. Kg6 Ke4 64. Kf6 Kd4 65. Ke6 a4 66. Kd6 a3 67.
Kc6 Kc3 68. Kxc5 Kb2 69. Kb4 Kxa2 70. c5 Kb2 71. c6 a2 72. c7 a1=Q 73. c8=Q Qa3+ 74.
Kb5 Qxb3+ 75. Kc6 Qc4+ 76. Kd7 Qg4+ 77. Kd8 Qg8+ 78. Kc7 Qc4+ 79. Kd8 Qxc8+ 80. Kxc8 1/2-1/2

[Event "*** Titled Tuesday Blitz"]
[Site "Chess.com"]
[Date "2020.05.26"]
[Round "3"]
[White "binbin239"]
[Black "hitaman"]
[Result "0-1"]
[WhiteElo "2399"]
[BlackElo "2600"]
[TimeControl "180+1"]
[EndTime "10:29:27 PDT"]
[Termination "hitaman won by checkmate"]

1. d4 d5 2. c4 c6 3. Nf3 Nf6 4.
Qc2 g6 5. Bf4 Bg7 6. g3 O-O 7.
Bg2 Bf5 8. Qb3 Qb6 9. Nbd2 Qxb3 10. axb3 Na6 11. O-O Nb4 12. Be5 Rfd8 13. Ra4 Na6 14. Rc1 Ne4 15. Bxg7 Kxg7 16. e3 Nc7 17. Rca1 a6 18.
Rd1 Rac8 19. Ne5 Nxd2 20. Rxd2 f6 21. Nd3 b5 22. Ra1 Bxd3 23. Rxd3 dxc4 24. bxc4 c5 25. b3 e5 26. d5 Rd6 27. Rc3 Ne8 28. Bh3 Rc7 29.
cxb5 axb5 30. Ra8 Kf7 31. Be6+ Ke7 32. e4 Rd8 33. Ra5 Nd6 34. g4 Nxe4 35. Rh3 Ng5 36.
Rc3 Nxe6 37. dxe6 Kxe6 38. Rxb5 Rd4 39. h3 Kd5 40. Rb6 Rc6 41. Rb7 h5 42. gxh5 gxh5 43. Rd7+ Ke4 44. Rh7 Rd3 45. Rc4+ Kf3 46. Rxh5 Rxb3 47.
Rf5+ Ke2 48. h4 Rb1+ 49. Kg2 Kd3 50. Rg4 c4 51. Rg3+ Kd2 52. Rg6 c3 53. Rgxf6 Rxf6 54. Rxf6 c2 55. Rd6+ Ke2 56. Rc6 c1=Q 57. Rxc1 Rxc1 58.
h5 Rc8 59. Kg3 Rg8+ 60. Kh4 Kxf2 61. h6 Rh8 62. Kh5 e4 63. Kg6 e3 64. Kg7 Rxh6 65.
Kxh6 e2 66. Kg5 e1=R 67. Kf4 Re2 68. Kg4 Re4+ 69. Kf5 Kf3 70. Kg5 Re5+ 71. Kf6 Kf4 72. Kg6 Re6+ 73. Kh5 Rf6 74. Kh4 Rh6# 0-1

[Event "*** Titled Tuesday Blitz"]
[Site "Chess.com"]
[Date "2020.05.26"]
[Round "3"]
[White "Parhamov"]
[Black "Borsuk_Konstantin"]
[Result "1/2-1/2"]
[WhiteElo "3089"]
[BlackElo "2611"]
[TimeControl "180+1"]
[EndTime "10:29:28 PDT"]
[Termination "Game drawn by stalemate"]

1. e4 e6 2. d4 d5 3. Nc3 Bb4 4. e5 b6 5. Qg4 Bf8 6. Be3 Ba6 7. Bxa6 Nxa6 8. h4 h5 9. Qe2 Nb8 10. O-O-O a6 11. Nf3 Nc6 12. Kb1 b5 13. Qd3 Qd7 14.
Ne2 Nge7 15. Bg5 O-O-O 16. Nf4 Kb7 17. Qe2 Rc8 18. Ne1 Nf5 19. c3 g6 20. Nc2 Na5 21. Rh3 Nc4 22. Nd3 c5 23. Bc1 cxd4 24. cxd4 Be7 25. g3 Rc7 26. Bg5 Bf8 27. Rhh1 Kb6 28. Rc1 Be7 29. Bxe7 Qxe7 30. Nc5 Nxd4 31. Nxd4 Rxc5 32.
b3 Na3+ 33. Kb2 Rhc8 34. Qd2 a5 35. Qe3 Ka6 36. Rhd1 b4 37. Qd3+ Kb7 38. Qe3 Qc7 39. Rxc5 Qxc5 40. Rc1 Qxc1+ 41. Qxc1 Rxc1 42. Kxc1 Kb6 43. Nf3 Kc5 44. Ng5 Kd4 45. Nxf7 Nb5 46. f4 Nc3 47.
Ng5 Ne2+ 48. Kb2 Nxg3 49. Nxe6+ Ke4 50. Nf8 Kxf4 51. e6 Nf5 52. Nxg6+ Kg4 53. Kc2 Nd4+ 54. Kd3 Nxe6 55. Ke3 d4+ 56. Ke4 d3 57. Kxd3 Nf4+ 58.
Nxf4 Kxf4 59. a4 Kg4 60. Kc4 Kxh4 61. Kb5 Kg5 62. Kxa5 h4 63. Kxb4 h3 64. Ka5 h2 65.
b4 h1=Q 66. b5 Kf6 67. Kb6 Ke6 68. a5 Qg1+ 69. Ka6 Kd6 70. Kb7 Qg7+ 71. Ka6 Qc7 72.
b6 Qb8 73. Kb5 Qe8+ 74. Ka6 Kc6 75. b7 Qd8 76. Ka7 Qc7 77. a6 Qd7 78. Ka8 Kb6 79. b8=Q+ Kxa6 80. Qd6+ Qxd6 1/2-1/2

[Event "*** Titled Tuesday Blitz"]
[Site "Chess.com"]
[Date "2020.05.26"]
[Round "3"]
[White "artichaud"]
[Black "Bubachess1608"]
[Result "0-1"]
[WhiteElo "2095"]
[BlackElo "2304"]
[TimeControl "180+1"]
[EndTime "10:29:31 PDT"]
[Termination "Bubachess1608 won on time"]

1. e4 c5 2. Nf3 e6 3. d3 d5 4. Nbd2 Nf6 5. g3 Be7 6. Bg2 Nc6 7. O-O b6 8. Re1 Bb7 9. Qe2 Qc7 10. c3 dxe4 11.
dxe4 O-O 12. e5 Nd7 13. a4 a5 14. Nc4 Ba6 15. Bf4 b5 16. axb5 Bxb5 17. Nfd2 Nb6 18.
Qe4 Nxc4 19. Nxc4 Bxc4 20. Qxc4 Rab8 21. b3 Rfd8 22. h4 h6 23. Bxc6 Qxc6 24. Rxa5 Qd5 25. Qxd5 Rxd5 26. Rb1 g5 27. hxg5 hxg5 28. c4 Rd3 29.
Be3 Rdxb3 30. Rxb3 Rxb3 31. Bxc5 Bxc5 32. Rxc5 Rc3 33.
Kg2 g4 34. Kf1 Rc2 35. Ke1 Kf8 36. Rc7 Ke8 37. c5 Rc4 38. Kd2 Re4 39. Rc8+ Kd7 40. Rg8 Kc6 41. Rg7 Kxc5 42. Rxf7 Rxe5 43. Rg7 Re4 44.
Kd3 Rd4+ 45. Ke3 Ra4 46. Rd7 e5 47. Rd8 Rb4 48. Rd3 Rd4 49. Ra3 Kd5 50. Ra6 Rb4 51. Rg6 Ra4 52. Rg8 Rb4 53. Rg7 Rb3+ 54. Ke2 Rb4 55. Rg8 Rb2+ 56. Ke3 Rb3+ 57. Ke2 Kd4 58. Rxg4+ e4 59. Rg8 Rb2+ 60. Kf1 Ra2 61. Rd8+ Ke5 62.
Re8+ Kf5 63. Ke1 Rb2 64. Kf1 Ra2 65. Kg2 Rc2 66. Kh3 Ra2 67. g4+ Kf4 0-1

[Event "*** Titled Tuesday Blitz"]
[Site "Chess.com"]
[Date "2020.05.26"]
[Round "3"]
[White "Sippp"]
[Black "RobertPrieb2007"]
[Result "1-0"]
[WhiteElo "2684"]
[BlackElo "2445"]
[TimeControl "180+1"]
[EndTime "10:29:33 PDT"]
[Termination "Sippp won by resignation"]

1. e4 c5 2. Nf3 d6 3. Bb5+ Nd7 4. c4 Nf6 5. Nc3 g6 6. d4 cxd4 7. Nxd4 Bg7 8. O-O a6 9. Bxd7+ Bxd7 10. b3 O-O 11. Bb2 Rc8 12. Re1 Qb6 13. Nd5 Nxd5 14. exd5 e5 15. dxe6 fxe6 16. Qd2 e5 17. Nc2 Rf6 18.
Nb4 Bh6 19. Qxh6 Qxf2+ 20. Kh1 Qxb2 21. Nd5 Rf7 22. Rf1 Bf5 23. Qg5 Be4 24. Rg1 Bxd5 25. cxd5 Rcf8 26. h3 Re8 27. Rgb1 Qe2 28. Re1 Qb2 29.
Reb1 Qe2 30. Re1 Qb5 31. Qd2 Ref8 32. Re2 Rf1+ 33. Rxf1 Rxf1+ 34. Kh2 Rf4 35. Re3 Rd4 36. Qf2 Qxd5 37. Rc3 Rf4 38. Rc8+ Kg7 39. Rc7+ Rf7 40.
Qb6 Rxc7 41. Qxc7+ Kh6 42. Qd8 Qe6 43. Qc7 e4 44.
Qxb7 e3 45. Qc7 e2 46. Qc1+ Kg7 47. Qe1 d5 48. g3 d4 49. Kg2 Qe4+ 50. Kf2 d3 51.
Qc3+ Kh6 52. Qd2+ g5 53. h4 Qf5+ 54. Ke3 Qe5+ 55. Kf2 Qf5+ 56. Ke3 Qf1 57. hxg5+ Kg6 58. Qxd3+ Kxg5 59. Qxe2 Qxe2+ 60. Kxe2 Kg4 61. Kf2 h5 62. b4 Kf5 63. Kf3 Ke5 64. a4 Kd5 65. Kf4 Kc4 66. b5 axb5 67. axb5 Kxb5 68. Kg5 Kc5 69. Kxh5 Kd6 70. g4 Ke7 71. Kh6 Kf7 72. g5 Kg8 73.
Kg6 Kf8 74. Kh7 Kf7 75. g6+ 1-0

[Event "*** Titled Tuesday Blitz"]
[Site "Chess.com"]
[Date "2020.05.26"]
[Round "3"]
[White "Piotrek1979"]
[Black "Sashadav97"]
[Result "1/2-1/2"]
[WhiteElo "2414"]
[BlackElo "2622"]
[TimeControl "180+1"]
[EndTime "10:29:34 PDT"]
[Termination "Game drawn by stalemate"]

1. Nf3 Nf6 2. g3 b6 3. Bg2 Bb7 4. O-O g6 5. c4 Bg7 6. b3 O-O 7. Bb2 e6 8. d3 Qe7 9. Nbd2 d5 10. a3 c5 11. e3 Nc6 12. Qc2 Rad8 13. Rfe1 e5 14.
cxd5 Nxd5 15. Rac1 Rfe8 16. Qb1 Qf8 17. Qa1 Nc7 18.
b4 Rxd3 19. bxc5 bxc5 20. Ne4 Na6 21. Bf1 Rdd8 22. Bxa6 Bxa6 23. Nxc5 Bc8 24. Ne4 Bg4 25. Nfd2 Nb8 26. a4 f6 27. Rc7 Kh8 28. Ba3 Qg8 29.
Nd6 Rf8 30. N2e4 Rd7 31. Rec1 Na6 32. R7c6 Nb8 33. Rc7 h5 34. Nb5 Rfd8 35. Ned6 h4 36. Nxa7 h3 37. Nab5 Na6 38. Rxd7 Bxd7 39. e4 Qb3 40.
Qc3 Qe6 41. Qc4 Kh7 42. Nf7 Rc8 43. Qxe6 Rxc1+ 44. Bxc1 Bxe6 45. Nfd6 Nc5 46. a5 Bf8 47. a6 Nxa6 48. Ba3 Nb8 49. f3 Nc6 50. Kf2 Be7 51. g4 Bd8 52. Kg3 Bb6 53. Ne8 Bd8 54. Bd6 Kg8 55. Bc7 Be7 56. Bd6 Kf7 57. Bxe7 Kxe7 58. Nec7 Nd4 59. Nxd4 exd4 60. Nxe6 Kxe6 61. f4 g5 62.
fxg5 fxg5 63. Kf2 Ke5 64. Kf3 d3 65. Ke3 d2 66. Kxd2 Kxe4 67. Ke2 Kf4 68. Kd3 Kf3 69. Kd2 Kf2 70. Kd1 Kf3 71. Kd2 Kxg4 72. Ke3 Kh4 73.
Kf3 g4+ 74. Kf2 Kh5 75. Kg1 Kg5 76. Kh1 Kf4 77. Kg1 Ke4 78. Kf1 Ke5 79. Kg1 Kf4 80.
Kh1 Kf3 81. Kg1 g3 82. hxg3 Kxg3 83. Kh1 h2 1/2-1/2

[Event "*** Titled Tuesday Blitz"]
[Site "Chess.com"]
[Date "2020.05.26"]
[Round "3"]
[White "velemajstor767276"]
[Black "letsgoband"]
[Result "1-0"]
[WhiteElo "2591"]
[BlackElo "2386"]
[TimeControl "180+1"]
[EndTime "10:29:34 PDT"]
[Termination "velemajstor767276 won by resignation"]

1. d4 Nf6 2. c4 g6 3. Nc3 Bg7 4. e4 d6 5. Be2 O-O 6. Be3 e5 7.
d5 Na6 8. g4 Nc5 9. f3 a5 10.
h4 h5 11. g5 Nh7 12. Qd2 f6 13. gxf6 Bxf6 14. O-O-O Bxh4 15. Nh3 Kh8 16. Rdg1 Qf6 17. f4 Bxh3 18. Rxh3 Nd7 19. Rgh1 exf4 20. Bd4 Ne5 21. Rxh4 f3 22. Bf1 Kg7 23. Be3 Rf7 24. Nb5 Re8 25.
Nd4 Ng4 26. Ne6+ Rxe6 27. dxe6 Qxe6 28. Bd4+ Kg8 29. Bd3 f2 30. Rf1 c5 31. Bc3 Qe7 32.
Rxg4 hxg4 33. Rxf2 g3 34. Rxf7 Qxf7 35. Qg2 Qf4+ 36. Bd2 Qh4 37. Kc2 Nf6 38. Qf3 Kg7 39. Bf4 g2 40. Be3 Qg4 41. Qxg4 Nxg4 42. Bg1 Ne5 43. Be2 g5 44. Kd2 Kg6 45. Ke3 Nc6 46. b3 Kf6 47. Kf3 Ne5+ 48. Kxg2 Ke6 49. Kf2 Nc6 50. Ke1 a4 51. Kd2 axb3 52. axb3 Na5 53. Bd1 Nc6 54. Be3 g4 55. Bxg4+ Ke5 56. Bf3 Na5 57.
Kc3 Nc6 58. Bf2 Kf4 59. Bg2 Ne5 60. Kd2 Kg4 61. Be3 Kg3 62. Bf1 Kf3 63. Bd3 Ng4 64.
Bg5 Ne5 65. Be7 Nf7 66. Kc3 Kf4 67. Bf8 Ke5 68. Kd2 Kf4 69. Ke2 Kg4 70. Ke3 Kg3 71.
Be2 Kh4 72. Bf3 Kg5 73. Be7+ Kg6 74. Kf4 b6 75. Bg4 Ne5 76. Bf5+ Kf7 77. Bxd6 Nd3+ 78. Ke3 Nc1 79. e5 Nxb3 80. e6+ Kf6 81. e7 Nd4 82. Bd7 1-0

[Event "*** Titled Tuesday Blitz"]
[Site "Chess.com"]
[Date "2020.05.26"]
[Round "3"]
[White "HunterBRR"]
[Black "Colombiano07"]
[Result "0-1"]
[WhiteElo "1947"]
[BlackElo "2267"]
[TimeControl "180+1"]
[EndTime "10:29:34 PDT"]
[Termination "Colombiano07 won on time"]

1. d4 d5 2. c4 Bf5 3. Nc3 e6 4.
Nf3 Nf6 5. Bg5 c6 6. e3 Nbd7 7. Rc1 Be7 8. cxd5 exd5 9. Be2 O-O 10. O-O Re8 11. a3 a5 12. h3 h6 13. Bh4 Ne4 14.
Bxe7 Qxe7 15. Bd3 g5 16. Qc2 h5 17. b4 axb4 18. axb4 g4 19. hxg4 hxg4 20. Nd2 Ndf6 21. b5 Kg7 22. bxc6 bxc6 23. Ndxe4 dxe4 24. Bc4 Rh8 25. Ne2 Nd5 26. Ng3 Bg6 27. Rfd1 Qh4 28. Bxd5 cxd5 29.
Qc7 Ra2 30. Qe5+ f6 31. Rc7+ Bf7 32. Nf5+ Kg8 33. Ne7+ Kf8 34. Rc8+ Kg7 35. Nf5+ Kh7 36. Nxh4 fxe5 37. Rxh8+ Kxh8 38. dxe5 Be6 39. Ng6+ Kg7 40.
Nf4 Kf7 41. Nxd5 Bxd5 42. Rxd5 g3 43. fxg3 Re2 44. Kf1 Rxe3 45. Kf2 Ra3 46. Rd4 e3+ 47. Ke2 Ke6 48. Rd3 Ra2+ 49. Kxe3 Rxg2 50. Kf3 Rg1 51. Re3 Rf1+ 52. Kg4 Rf2 53. Kh4 Rf8 54. g4 Rh8+ 55. Kg3 Rg8 56. Kf4 Rf8+ 57. Kg5 Rg8+ 58. Kh4 Rh8+ 59. Kg3 Rg8 60. Re4 Rg7 61. Kf4 Rf7+ 62. Kg5 Rg7+ 63. Kh5 Rh7+ 64. Kg6 Rh8 65. g5 Rg8+ 66.
Kh6 Rh8+ 67. Kg7 Rh1 68. g6 Rg1 69. Kh7 Rh1+ 70. Kg8 Rg1 71. g7 Rg2 72. Kf8 Rf2+ 0-1

[Event "*** Titled Tuesday Blitz"]
[Site "Chess.com"]
[Date "2020.05.26"]
[Round "3"]
[White "chessablanca"]
[Black "tan275"]
[Result "1-0"]
[WhiteElo "2420"]
[BlackElo "2195"]
[TimeControl "180+1"]
[EndTime "10:29:37 PDT"]
[Termination "chessablanca won by checkmate"]

1. Nf3 d5 2. c4 e6 3. b3 Nf6 4. Bb2 c5 5. e3 Nc6 6. Be2 d4 7.
exd4 cxd4 8. d3 a5 9. O-O Bc5 10. a3 O-O 11. Nbd2 h6 12. Qc2 e5 13. Ne4 Nxe4 14. dxe4 Bg4 15. Ne1 Bxe2 16. Qxe2 Qb6 17. Nd3 Bd6 18. Qc2 Be7 19. c5 Qb5 20. a4 Qa6 21.
Qc4 Qxc4 22. bxc4 f5 23. f3 fxe4 24. fxe4 Nb4 25. Nxe5 Rxf1+ 26. Rxf1 Bxc5 27. Nd7 Ba7 28. c5 Rd8 29. Nb6 Nd3 30. Ba3 Ne5 31. Rd1 d3 32. Bb2 Bxb6 33. cxb6 Nc4 34. Bc3 Nxb6 35. Bxa5 Rd6 36.
e5 Re6 37. Rxd3 Nc4 38. Bc3 Kf7 39. Rd5 Re7 40. Kf2 Rc7 41. Kf3 Ke6 42. Rb5 Na3 43.
Rb3 Nc4 44. Ke4 g6 45. Rb1 Nd6+ 46. exd6 Rxc3 47. Rxb7 Kxd6 48. Rb6+ Kc5 49. Rxg6 h5 50. Rh6 Rc4+ 51. Kf3 h4 52. Rh5+ Kd6 53. a5 Ra4 54.
a6 Ke6 55. a7 Kf6 56. a8=Q Rxa8 57. Rxh4 Kg5 58. Re4 Ra3+ 59. Re3 Ra2 60. Kg3 Ra4 61. Rc3 Ra5 62. h4+ Kh5 63. Kh3 Rd5 64. g4+ Kg6 65.
g5 Rd1 66. Kg4 Rg1+ 67. Rg3 Re1 68. h5+ Kg7 69. Kh4 Re4+ 70. Rg4 Re1 71. g6 Rh1+ 72.
Kg5 Ra1 73. h6+ Kg8 74. Rf4 Ra5+ 75. Rf5 Ra6 76. h7+ Kg7 77. Rf7+ Kh8 78. Rf8+ Kg7 79. h8=Q# 1-0

[Event "*** Titled Tuesday Blitz"]
[Site "Chess.com"]
[Date "2020.05.26"]
[Round "3"]
[White "Gerasimenyuk_Miha"]
[Black "GMartin_Petrov"]
[Result "1-0"]
[WhiteElo "2407"]
[BlackElo "2578"]
[TimeControl "180+1"]
[EndTime "10:29:38 PDT"]
[Termination "Gerasimenyuk_Miha won by resignation"]

1. d4 Nf6 2. Nf3 e6 3. Bg5 h6 4. Bh4 b6 5. c3 Bb7 6. e3 c5 7. Nbd2 Be7 8. Bd3 g5 9. Bg3 h5 10. h4 g4 11. Ng5 Bxg2 12. Rg1 Bb7 13. Qc1 Nc6 14. Qc2 Rc8 15. dxc5 bxc5 16. O-O-O d5 17. Kb1 Nd7 18. Bg6 Bxg5 19. hxg5 Qxg5 20. Bd3 Nde5 21. f4 gxf3 22. Bxe5 Qxe5 23. Nxf3 Qxe3 24. Ng5 Ne5 25. Bb5+ Bc6 26. Rde1 Qf4 27. Ref1 Qe3 28. Bxc6+ Rxc6 29. Re1 Qf4 30. Ref1 Qe3 31. Qa4 Ke7 32. Re1 Qd3+ 33.
Ka1 Ra6 34. Qb3 Qc4 35. Qb7+ Nd7 36. a3 Rb8 37. Nxe6 Rxb7 38. Nxc5+ Kf8 39. Nxb7 Qc6 40. Nd8 Qf6 41. Rgf1 Qxd8 42. Rf5 Rf6 43. Rxd5 Re6 44. Red1 Re7 45. Rxh5 Ke8 46. Rh8+ Nf8 47. Rxf8+ Kxf8 48. Rxd8+ Kg7 49. c4 f5 50. Rd4 Kf6 51. Kb1 Ke5 52. Rh4 f4 53. Kc2 Ke4 54. Kd2 Rd7+ 55. Ke2 Rg7 56. Rh2 f3+ 57. Kf2 Rf7 58. Rh4+ Kd3 59. c5 Kc2 60. b4 Kb3 61. c6 Kxa3 62.
b5 Re7 63. Rd4 Rc7 64. Rd7 Rc8 65. Rxa7+ Kb4 66. Rb7 Kc5 67. Kxf3 Rf8+ 68. Ke4 Re8+ 69. Kf5 Rf8+ 70. Ke6 Rc8 71. Kd7 Rh8 72. c7 Rh7+ 73.
Ke6 Rh6+ 74. Kf5 Rh5+ 75. Kg4 Rh7 76. c8=Q+ 1-0

[Event "*** Titled Tuesday Blitz"]
[Site "Chess.com"]
[Date "2020.05.26"]
[Round "3"]
[White "GeorgMeier"]
[Black "Meri-Arabidze"]
[Result "1-0"]
[WhiteElo "2979"]
[BlackElo "2587"]
[TimeControl "180+1"]
[EndTime "10:29:39 PDT"]
[Termination "GeorgMeier won on time"]

1. Nf3 d5 2. g3 Nf6 3. Bg2 e6 4. O-O b5 5. d3 Bb7 6. c4 bxc4 7. dxc4 Nbd7 8. cxd5 exd5 9. Nc3 Be7 10. Nd4 O-O 11. Nf5 Nb6 12. b3 Re8 13. Qc2 Bf8 14. Rd1 Qc8 15. Bh3 Qd8 16. a4 a5 17. Bf4 c6 18.
Rac1 g6 19. Nh6+ Kg7 20. Qb2 Bd6 21. Bxd6 Qxd6 22. Ng4 h5 23. Nxf6 Qxf6 24. Rd2 c5 25.
Nd1 c4 26. Qxf6+ Kxf6 27. bxc4 Nxc4 28. Rdc2 Bc6 29. Nc3 Kg7 30. e3 Rab8 31. Bg2 Red8 32. Ne2 Bxa4 33. Ra2 Bb3 34. Raa1 a4 35. Nd4 Ne5 36. f4 Nd3 37. Rc3 Nb4 38. Nxb3 axb3 39. Rxb3 d4 40. Rab1 d3 41. Rxb4 Rxb4 42. Rxb4 d2 43. Bf3 d1=Q+ 44. Bxd1 Rxd1+ 45. Kg2 Rd2+ 46. Kh3 f5 47. e4 fxe4 48. Rxe4 Kf6 49. Re1 Rb2 50. Rc1 Rd2 51. Rc6+ Kf5 52. Rc5+ Kf6 53. Ra5 Rc2 54. Ra1 Rb2 55. Rg1 Rc2 56. Rg2 Rc1 57. Rb2 Rd1 58. Kh4 Rc1 59. Rb6+ Kg7 60. Rb5 Kh6 61. Rb6 Rc5 62. h3 Rd5 63. Rc6 Rb5 64.
Rd6 Rc5 65. Re6 Rd5 66. g4 hxg4 67. hxg4 Rd1 68. f5 Rh1+ 69. Kg3 Rg1+ 70. Kf3 Rf1+ 71. Kg2 Rd1 72. Rxg6+ Kh7 73. Kg3 Rg1+ 74. Kf4 1-0

[Event "*** Titled Tuesday Blitz"]
[Site "Chess.com"]
[Date "2020.05.26"]
[Round "3"]
[White "Zakaryan_David"]
[Black "krasavetc"]
[Result "1/2-1/2"]
[WhiteElo "2490"]
[BlackElo "2257"]
[TimeControl "180+1"]
[EndTime "10:29:40 PDT"]
[Termination "Game drawn by stalemate"]

1. e4 e6 2. d4 d5 3. Nc3 dxe4 4. Nxe4 Nf6 5. Nxf6+ Qxf6 6. Nf3 h6 7. Be3 Nd7 8. Bd3 Bd6 9. Qe2 a6 10. O-O-O b5 11. h4 Bb7 12. Rh3 Bf4 13. Kb1 Bxe3 14.
Qxe3 Bd5 15. g4 Nb6 16. Ne5 O-O-O 17. Be4 Qe7 18. Rf3 Rhf8 19. h5 Nc4 20. Nxc4 Bxc4 21.
Qa3 Qxa3 22. Rxa3 b4 23. Ra4 c5 24. a3 Bb5 25. Ra5 Kc7 26. axb4 cxb4 27. c3 bxc3 28. bxc3 Kb6 29. Ra2 Rc8 30. Kc2 f5 31. gxf5 exf5 32. Bf3 Rc7 33. Rb1 Rfc8 34. Ra3 Ka7 35. Kd2 Bc4 36.
Rg1 Rb8 37. Kc2 Re7 38. Rd1 Rb6 39. d5 Rd6 40. Rd4 Rc7 41. Ra5 Kb6 42. Ra1 Rc5 43.
Rad1 a5 44. Rg1 Bxd5 45. Bxd5 Rdxd5 46. Rxd5 Rxd5 47. Rg6+ Kb5 48. Rxg7 f4 49. Rf7 Rxh5 50.
Rxf4 Rh2 51. Kb3 a4+ 52. Ka3 Rh3 53. Rf5+ Kc4 54. Kxa4 Kxc3 55. Kb5 Kd3 56. Kc5 Ke4 57. Rf8 Rf3 58. Rh8 Rf6 59. Kc4 Kf3 60. Kd5 Kxf2 61.
Ke5 Ra6 62. Kf5 Kg3 63. Rg8+ Kh4 64. Rg1 h5 65. Kf4 Rf6+ 66. Ke3 Rf8 67. Ke2 Kh3 68. Rg7 h4 69. Ke1 Kh2 70. Ke2 h3 71. Ke1 Re8+ 72. Kf2 Ra8 73. Kf1 Ra2 74. Rg8 Rg2 75. Rf8 Rg3 76. Rf7 Kh1 77. Rf8 h2 78. Kf2 Rg2+ 79.
Kf1 Rf2+ 80. Kxf2 1/2-1/2